 Dungeon Crawl Stone Soup version 0.28.0 (webtiles) character file.

Game seed: 7075214928446823847

395 GordonOverkill the Ruffian (level 6, -9/51 HPs)
             Began as a Ghoul Hedge Wizard on Feb 15, 2022.
             Mangled by a wyvern skeleton (11 damage)
             ... on level 4 of the Dungeon.
             The game lasted 00:10:06 (7283 turns).

GordonOverkill the Ruffian (Ghoul Hedge Wizard)     Turns: 7283, Time: 00:10:06

Health: -9/51      AC:  8    Str: 15 (16) XL:     6   Next: 82%
Magic:  9/9        EV:  6    Int:  7 (9)  God:
Gold:   223        SH:  0    Dex:  6 (8)  Spells: 9/10 levels left

rFire   . . .      SeeInvis .     - Unarmed
rCold   + . .      Faith    .   (no shield)
rNeg    + + +      Spirit   .   b - +0 chain mail
rPois   ∞          Reflect  .   c - +0 hat
rElec   .          Harm     .   (no cloak)
rCorr   .          Rampage  .   (no gloves)
Will    .....                   (no boots)
Stlth   ..........              (no amulet)
HPRegen 0.00/turn               (no ring)
MPRegen 0.11/turn               (no ring)

@: attractive, inhibited regen
A: claws 1, cold resistance 1, negative energy resistance 3, inhibited
regeneration, torment resistance 2
a: no special abilities


You were on level 4 of the Dungeon.
You visited 1 branch of the dungeon, and saw 4 of its levels.

You collected 223 gold pieces.

Inventory:

Missiles
 e - 2 javelins (quivered)
Armour
 b - a +0 chain mail (worn)
 c - a +0 hat (worn)
Wands
 a - a wand of paralysis (2)
Scrolls
 d - a scroll of holy word {unknown}
 f - 2 scrolls of blinking
 g - a scroll of identify {unknown}
 i - a scroll of torment {unknown}
 k - a scroll of enchant weapon {unknown}
Potions
 l - a potion of mutation {unknown}


   Skills:
 + Level 3.1 Fighting
 + Level 2.2 Throwing
 + Level 1.9 Armour
 - Level 1.7 Dodging
 - Level 2.1 Stealth
 * Level 4.9 Unarmed Combat
 - Level 2.6 Spellcasting
 - Level 0.7 Conjurations
 - Level 0.8 Summonings
 - Level 0.8 Translocations
 + Level 0.0 Evocations


You had 9 spell levels left.
You knew the following spells:

 Your Spells              Type           Power      Damage    Failure   Level
a - Magic Dart            Conj           4%         1d3       99%         1

Your spell library contained the following spells:

 Spells                   Type           Power      Damage    Failure   Level
 Slow                     Hex            0%         N/A       100%        1
 Blink                    Tloc           4%         N/A       100%        2
 Call Imp                 Summ           2%         N/A       100%        2
 Conjure Flame            Conj/Fire      1%         6-21      100%        3
 Mephitic Cloud           Conj/Pois/Air  1%         N/A       100%        3
 Passage of Golubria      Tloc           2%         N/A       100%        4
 Silence                  Hex/Air        0%         N/A       100%        5
 Lehudib's Crystal Spear  Conj/Erth      0%         10d2      100%        8


Dungeon Overview and Level Annotations

Branches:
Dungeon (4/15)
 Temple: D:4-7

Altars:
Hepliaklqana
Kikubaaqudgha
Nemelex Xobeh

Shops:
D:2 :


Innate Abilities, Weirdness & Mutations

You thrive by killing the living.
You are immune to poison.
You have sharp fingernails.
Your flesh is cold resistant. (rC+)
You are immune to negative energy. (rN+++)
You do not regenerate when monsters are visible.
You are immune to unholy pain and torment.


Message History

You kill the ufetubus!
You scratch the wyvern skeleton but do no damage.
The wyvern skeleton bites you.
You scratch the wyvern skeleton.
The wyvern skeleton is lightly damaged.
You barely miss the giant cockroach. You barely miss the giant cockroach.
The wyvern skeleton closely misses you. The giant cockroach bites you.
The wyvern skeleton bites you.
You scratch the giant cockroach.
You kill the giant cockroach!
You feel better. The wyvern skeleton bites you. The wyvern skeleton bites you.
You barely miss the wyvern skeleton.
The wyvern skeleton is lightly damaged.
The wyvern skeleton bites you but does no damage.
You scratch the wyvern skeleton.
The wyvern skeleton is moderately damaged.
The wyvern skeleton bites you!
* * * LOW HITPOINT WARNING * * *
You scratch the wyvern skeleton.
The wyvern skeleton is moderately damaged.
The wyvern skeleton bites you!
* * * LOW HITPOINT WARNING * * *
The wyvern skeleton bites you!
* * * LOW HITPOINT WARNING * * *
You claw the wyvern skeleton!
The wyvern skeleton is heavily damaged.
The wyvern skeleton misses you.
You scratch the wyvern skeleton. You claw the wyvern skeleton.
The wyvern skeleton is severely damaged.
The wyvern skeleton closely misses you.
It was a potion of degeneration.
There was something very wrong with that liquid.
You feel weakened.
You feel dopey.
You feel clumsy. The wyvern skeleton bites you!
* * * LOW HITPOINT WARNING * * *
It was a potion of attraction.
You feel attractive to monsters. The wyvern skeleton bites you!
You die...

#..............##
#............##
##...>......# ##
###.......##
...## ##.....##
.....## ##..####
.......###...#
.......Z.#)..##
.......@......#
..............#
..............#
...........[..#
###...#####.###
#### ###


You could see a wyvern skeleton.

Vanquished Creatures
  An ogre (D:4)
  A scorpion (D:4)
  An orc priest (D:3)
  A centaur skeleton (D:4)
  Ijyb (D:3)
  2 iguanas
  2 adders
  An ufetubus (D:4)
  2 dart slugs
  10 orcs
  7 ball pythons
  8 bats
  10 endoplasms
  2 giant cockroaches (D:4)
  6 goblins
  4 hobgoblins
  2 quokkas
  6 frilled lizards
  7 kobolds
  7 rats
81 creatures vanquished.

Notes
Turn   | Place    | Note
-------+----------+-------------------------------------------
     0 | D:1      | GordonOverkill the Ghoul Hedge Wizard began the quest for
                  | the Orb.
     0 | D:1      | Reached XP level 1. HP: 14/14 MP: 3/3
   171 | D:1      | Reached skill level 1 in Unarmed Combat
   488 | D:1      | Reached XP level 2. HP: 19/22 MP: 0/4
   820 | D:1      | Reached skill level 1 in Fighting
  1164 | D:1      | Reached skill level 2 in Unarmed Combat
  1490 | D:1      | Reached XP level 3. HP: 28/28 MP: 3/6
  2386 | D:2      | Found an ancient bone altar of Kikubaaqudgha.
  2961 | D:2      | Found Omidomas's Book Boutique.
  4567 | D:2      | Reached XP level 4. HP: 27/36 MP: 7/7
  4714 | D:3      | Reached skill level 3 in Unarmed Combat
  5057 | D:3      | Noticed Ijyb
  5072 | D:3      | Paralysed by Ijyb for 2 turns
  5078 | D:3      | Killed Ijyb
  5079 | D:3      | Reached skill level 1 in Throwing
  5606 | D:3      | Found a sparkling altar of Nemelex Xobeh.
  5958 | D:3      | Reached XP level 5. HP: 26/42 MP: 8/8
  6123 | D:3      | Found a faded altar of an unknown god.
  6123 | D:3      | Found a hazy altar of Hepliaklqana.
  6125 | D:3      | Found a faded altar of an unknown god.
  6281 | D:3      | Found a sparkling altar of Nemelex Xobeh.
  6576 | D:4      | Reached skill level 1 in Armour
  6957 | D:4      | Reached skill level 4 in Unarmed Combat
  6996 | D:4      | Reached XP level 6. HP: 43/50 MP: 9/9
  7282 | D:4      | HP: 2/51 [wyvern skeleton (7)]
  7283 | D:4      | Mangled by a wyvern skeleton

Illustrated notes

Levels and vault maps discovered:
D:1:      dpeg_arrival_pits, layout_loops_ring, minmay_ruptured
D:2:      layout_basic, serial_shops, shop, basic_altar
D:3:      layout_rooms, nemelex_spade_bored_becter,
          nicolae_hepliaklqana_ecumenical_no_more, palyth_stone_intersect,
          kennysheep_generic_room_14, uniq_ijyb
D:4:      layout_cave_pods, nrook_uturn, minmay_joined_circles

Skill      XL: |  1  2  3  4  5  6 |
---------------+-------------------+-----
Unarmed Combat | 1 2 3 4 |  4.9
Fighting       | 1 2 3 |  3.1
Throwing       | 1 2 |  2.2
Armour         | 1 |  1.9
Dodging        | |  1.7
Stealth        | |  2.1
Spellcasting   | |  2.6
Conjurations   | |  0.7
Summonings     | |  0.8
Translocations | |  0.8

Action                   |  1- 3 |  4- 6 || total
-------------------------+-------+-------++-------
Melee: Dagger            |    70 |     3 ||    73
       Unarmed           |       |   154 ||   154
       Punch             |       |     7 ||     7
Throw: Javelin           |     3 |     5 ||     8
 Cast: Magic Dart        |    89 |       ||    89
Evoke: Wand              |       |     1 ||     1
  Use: Scroll            |     3 |       ||     3
       Potion            |       |     5 ||     5
 Stab: Paralysed         |       |     6 ||     6
Armor: Robe              |     9 |       ||     9
       Ring mail         |     5 |       ||     5
       Chain mail        |       |    99 ||    99
Dodge: Dodged            |    47 |    59 ||   106
